 Dungeon Crawl Stone Soup version 0.30-a0-748-ge6a52f7cba (webtiles) character file.

Game seed: 8265936544165944878

67168 Leeroy the Fencer (level 15, 0/118 HPs)
             Began as a Vine Stalker Warper on Feb 8, 2023.
             Was a Priest of Uskayaw.
             Succumbed to a naga sharpshooter's splash of poison
             ... on level 2 of the Snake Pit.
             The game lasted 00:49:41 (18482 turns).

Leeroy the Fencer (Vine Stalker Warper)            Turns: 18482, Time: 00:49:42

Health: 0/118      AC: 20    Str: 17    XL:     15   Next: 22%
Magic:  4/33       EV: 17    Int: 21    God:    Uskayaw [***...]
Gold:   852        SH:  0    Dex: 22    Spells: 12/40 levels left

rFire   + . .      SeeInvis .    F - -1 double sword (venom)
rCold   . . .      Faith    .    (no shield)
rNeg    . . .      Spirit   +    V - +0 troll leather armour
rPois   .          Reflect  .    u - +1 helmet
rElec   .          Harm     .    e - +0 cloak
rCorr   .          Rampage  .    c - +5 pair of gloves "Edweotoasu" {rF+ Str+4 Int+2}
Will    +....                    s - +1 pair of boots {Stlth+} Stlth
                                 q - amulet of the acrobat
HPRegen 1.99/turn                y - +4 ring of protection
MPRegen 0.23/turn                G - +6 ring of intelligence

@: berserking, lethally poisoned (0 -> -2), very quick
A: fangs 3, regeneration 1, magic shield, antimagic bite, no potion heal 2
a: Renounce Religion, Stomp, Line Pass


You were on level 2 of the Snake Pit.
You worshipped Uskayaw.
Uskayaw was noncommittal.
You visited 5 branches of the dungeon, and saw 20 of its levels.
You also visited: Sewer.

You collected 1017 gold pieces.
You spent 165 gold pieces at shops.

Inventory:

Hand Weapons
 A - a -2 demon blade
 F - a -1 double sword of venom (weapon)
 W - a +2 dagger of venom
 X - a +4 scimitar of protection
 Y - a +2 great sword
Missiles
 d - 11 boomerangs of dispersal
 r - 5 curare-tipped darts
 w - 3 javelins
 N - 28 poisoned darts
 Q - a throwing net (quivered)
Armour
 c - the +5 pair of gloves "Edweotoasu" (worn) {rF+ Str+4 Int+2}
   (You found it on level 3 of the Lair of Beasts)

   Str:       It affects your strength (+4).
   Int:       It affects your intelligence (+2).
   rF:        It protects you from fire.
 e - a +0 cloak (worn)
 s - a +1 pair of boots of stealth (worn)
 u - a +1 helmet (worn)
 V - a +0 troll leather armour (worn)
Jewellery
 a - a +4 ring of protection
 b - a ring of protection from fire
 q - an amulet of the acrobat (around neck)
 y - a +4 ring of protection (left hand)
 G - a +6 ring of intelligence (right hand)
 H - a ring of protection from cold
 O - a +6 ring of intelligence
Wands
 h - a wand of paralysis (6)
 I - a wand of mindburst (2)
 L - a wand of quicksilver (3)
 U - a wand of roots (1)
 Z - a wand of polymorph (12)
Scrolls
 g - 5 scrolls of immolation
 j - 2 scrolls of fog
 k - 6 scrolls of poison
 t - a scroll of brand weapon
 v - a scroll of torment
 x - 3 scrolls of magic mapping
 z - 4 scrolls of enchant weapon
 B - a scroll of teleportation
 D - 5 scrolls of fear
 E - 2 scrolls of amnesia
 R - 2 scrolls of butterflies
Potions
 f - 7 potions of might
 i - 6 potions of brilliance
 l - 2 potions of invisibility {unknown}
 m - 4 potions of berserk rage
 n - a potion of experience {unknown}
 o - 4 potions of attraction {unknown}
 p - 4 potions of mutation {unknown}
 C - 4 potions of curing {unknown}
 J - a potion of haste {unknown}
 K - 3 potions of magic {unknown}
 M - 2 potions of resistance {unknown}
 P - 5 potions of flight {unknown}
 S - a potion of lignification {unknown}
 T - a potion of ambrosia {unknown}


   Skills:
 - Level 9.1 Fighting
 - Level 15.3 Long Blades
 - Level 0.8 Throwing
 - Level 5.0 Armour
 - Level 7.1 Dodging
 - Level 7.9 Stealth
 + Level 13.0 Spellcasting
 - Level 3.0 Translocations
 - Level 6.3 Evocations


You had 12 spell levels left.
You knew the following spells:

 Your Spells              Type           Power      Damage    Failure   Level
a - Blink                 Tloc           52%        N/A       2%          2
b - Vhi's Electric Charg  Tloc/Air       38%        N/A       9%          3
c - Manifold Assault      Tloc           26%        N/A       16%         4
d - Mephitic Cloud        Conj/Pois/Air  13%        N/A       17%         3
e - Passwall              Tmut/Erth      10%        N/A       9%          2
f - Call Canine Familiar  Summ           13%        N/A       17%         3
g - Call Imp              Summ           13%        N/A       9%          2
h - Fulminant Prism       Conj/Hex       6%         3d7       50%         4
i - Alistair's Intoxicat  Tmut/Pois      8%         N/A       83%         5

Your spell library contained the following spells:

 Spells                   Type           Power      Damage    Failure   Level
 Apportation              Tloc           52%        N/A       1%          1
 Lesser Beckoning         Tloc           52%        N/A       2%          2
 Teleport Other           Tloc           26%        N/A       4%          3
 Magic Dart               Conj           52%        1d5       5%          1
 Sandblast                Erth           26%        2d8       5%          1
 Searing Ray              Conj           26%        2d5       9%          2
 Portal Projectile        Hex/Tloc       38%        N/A       9%          3
 Stone Arrow              Conj/Erth      26%        3d8       17%         3
 Animate Armour           Summ/Erth      26%        N/A       50%         4
 Leda's Liquefaction      Hex/Erth       6%         N/A       50%         4
 Blade Hands              Tmut           6%         N/A       83%         5
 Iron Shot                Conj/Erth      6%         9d2       100%        6
 Lehudib's Crystal Spear  Conj/Erth      6%         10d3      100%        8


Dungeon Overview and Level Annotations

Branches:
Dungeon (11/15)            Temple (1/1) D:5            Lair (5/5) D:8
  Swamp (1/4) Lair:3        Snake (2/4) Lair:3        Slime (0/5) Lair:4
  Sewer (visited)
    Orc: D:9-12

Altars:
Ashenzari
Cheibriados
Elyvilon
Fedhas
Gozag
Hepliaklqana
Kikubaaqudgha
Makhleb
Nemelex Xobeh
Okawaru
Qazlal
Ru
Sif Muna
Trog
Uskayaw
Vehumet
Wu Jian
Xom
Yredelemnul
Zin
The Shining One
Jiyva

Shops:
D:2 (   D:4 *

Annotations:
D:8 Amaemon
D:10 Lodul
Lair:3 Sonja
Lair:4 exclusion: 2 oklob plants


Innate Abilities, Weirdness & Mutations

You have razor-sharp teeth.
Your natural rate of healing is unusually fast.
When hurt, damage is shared between your health and your magic reserves.
Your bite disrupts and absorbs the magic of your enemies.
Potions cannot restore your health.


Message History

* * * LOW HITPOINT WARNING * * *
The naga warrior spits poison at you. The splash of poison hits you!
You are more poisoned.
* * * LOW HITPOINT WARNING * * *
The naga warrior constricts you.
Okay, then.
Okay, then.
Okay, then.
Okay, then.
A red film seems to cover your vision as you go berserk!
You feel yourself moving faster!
You feel mighty!
You feel sick.
The naga sharpshooter looks more healthy.
The naga sharpshooter shoots a bolt.
The bolt hits you!
* * * LOW HITPOINT WARNING * * *
The naga warrior barely misses you. The naga warrior constricts you.
You barely miss the naga sharpshooter. You bite the naga sharpshooter!
The naga sharpshooter's magic leaks into the air.
You drain its magic.
You feel invigorated.
The naga sharpshooter is severely wounded.
You feel sick.
The naga sharpshooter spits poison at you.
The splash of poison hits you.
You are more poisoned.
* * * LOW HITPOINT WARNING * * *
The naga warrior closely misses you. The naga warrior constricts you.
Uskayaw will force your foes to helplessly watch your dance.
Uskayaw prepares the audience for your solo!
The naga warrior loses its grip on you.
The helpless naga sharpshooter fails to defend itself.
You slice the naga sharpshooter!!
You kill the naga sharpshooter!
* * * LOW HITPOINT WARNING * * *
You feel sick.
The naga warrior is no longer paralysed.
Your Spellcasting skill increases to level 13!
You slash the naga warrior!
The naga warrior is poisoned.
The naga warrior blocks your attack.
The naga warrior is moderately wounded.
You die...

# #N......S.... #..## #... #
#.S........^ ..## #...# #...
# #.......... ...# #..##
#... # #...<.... ...# #...#
#... ## #...... ##...# #...#
#... .## #.... ##....# #...#
#... ..## #..# ##....# #...#
#... ...## #..# ##..).#
##...# ....###..#####.N@.##
##)##.#
#...............)..###)...##
##..............#...#.).###
##............###..)..##
###.########## ##....# #..#
##....##
.####..##########....##
............#.......##
..........)........##


You could see a naga warrior (very poisoned, catching breath).

Vanquished Creatures
  Kirke (Lair:4)
  The ghost of Rafuutu the Cleaver, a journeyman DDFi of Okawaru (Lair:4)
  Snorg (Lair:4)
  8 anacondas
  3 hydras (Lair:5)
  2 boulder beetles
  A deep troll shaman (Lair:5)
  3 catoblepae (Lair:5)
  3 death yaks (Lair:5)
  7 naga warriors
  A naga sharpshooter (Snake:2)
  A lindwurm (Lair:5)
  Pikel (D:6)
  2 naga ritualists
  4 mana vipers
  4 salamanders
  A manticore (D:11)
  20 black mambas
  18 elephants
  5 naga magi
  2 guardian serpents
  10 cane toads
  A torpor snail (Lair:2)
  Psyche (D:8)
  8 komodo dragons
  4 rime drakes
  4 polar bears
  2 trolls (D:9)
  26 blink frogs
  A shadow (D:9)
  A vampire (D:9)
  2 wraiths
  3 wyverns
  4 hogs
  21 yaks
  6 basilisks
  2 steam dragons
  18 nagas
  An acid dragon (D:10)
  17 water moccasins
  6 black bears
  2 orc warriors
  2 centaurs
  A phantom (D:6)
  18 wolves
  4 lemures (D:3)
  13 bullfrogs
  2 necrophages (D:5)
  3 scorpions
  17 wights
  8 killer bees
  8 howler monkeys
  7 hounds
  Crazy Yiuf (D:2)
  3 gnoll boudas
  13 jellies
  2 orc priests (D:8)
  5 iguanas
  5 orc wizards
  7 adders
  24 gnolls
  A river rat (D:5)
  4 white imps
  An ufetubus (D:4)
  4 worms (D:5)
  2 dart slugs
  36 orcs
  3 bats
  12 endoplasms
  3 giant cockroaches
  9 hobgoblins
  3 quokkas
  8 ball pythons
  6 frilled lizards
  5 goblins
  16 kobolds
  15 rats
  A butterfly (Lair:3)
501 creatures vanquished.

Vanquished Creatures (others)
  16 fungi
  21 plants
37 creatures vanquished.

Grand Total: 538 creatures vanquished

Notes
Turn   | Place    | Note
-------+----------+-------------------------------------------
     0 | D:1      | Leeroy the Vine Stalker Warper began the quest for the Orb.
     0 | D:1      | Reached XP level 1. HP: 11/11 MP: 4/4
    58 | D:1      | Reached skill level 2 in Long Blades
   136 | D:1      | Reached XP level 2. HP: 15/15 MP: 6/6
   422 | D:1      | Reached skill level 3 in Long Blades
   426 | D:1      | Reached XP level 3. HP: 18/18 MP: 7/7
   835 | D:2      | Found a faded altar of an unknown god.
   995 | D:2      | Found a runed translucent door.
   996 | D:2      | Noticed Crazy Yiuf
  1085 | D:2      | Found Inyjuh's Antique Weapon Emporium.
  1147 | D:2      | Reached skill level 1 in Stealth
  1155 | D:2      | Gained mutation: Your natural rate of healing is unusually
                  | fast. [Vine Stalker growth]
  1155 | D:2      | Reached XP level 4. HP: 7/23 MP: 8/8
  1690 | D:3      | Learned a level 2 spell: Blink
  1694 | D:3      | Learned a level 3 spell: Vhi's Electric Charge
  1896 | D:3      | Reached XP level 5. HP: 26/26 MP: 9/9
  2135 | D:4      | Noticed a lemure
  2251 | D:4      | Noticed Pikel
  2254 | D:4      | Noticed a lemure
  2254 | D:4      | Noticed a lemure
  2254 | D:4      | Noticed a lemure
  2278 | D:3      | Killed a lemure
  2314 | D:3      | Killed a lemure
  2321 | D:3      | Killed a lemure
  2337 | D:3      | Killed a lemure
  2513 | D:4      | Reached skill level 5 in Stealth
  2573 | D:4      | Found a shimmering altar of Xom.
  2581 | D:4      | Reached XP level 6. HP: 28/30 MP: 10/10
  2631 | D:4      | Found Qeitzaw's Lightly-Used Armoury.
  2641 | D:4      | Bought a -2 demon blade for 55 gold pieces
  3011 | D:4      | Bought a -1 double sword for 110 gold pieces
  3193 | D:5      | Entered Level 5 of the Dungeon
  3369 | D:5      | Found a glowing drain.
  3378 | Sewer    | Entered a sewer
  3806 | D:5      | Reached XP level 7. HP: 30/34 MP: 8/11
  3885 | D:5      | Found a staircase to the Ecumenical Temple.
  3895 | Temple   | Entered the Ecumenical Temple
  3966 | Temple   | Became a worshipper of Uskayaw the Reveller
  4008 | D:5      | Identified the +1 leather armour "Oqeiprac" {rPois Str+3
                  | Dex-5}
  4040 | D:5      | Reached * piety under Uskayaw
  4041 | D:5      | Reached skill level 4 in Long Blades
  4108 | D:5      | Reached ** piety under Uskayaw
  4169 | D:5      | Reached skill level 5 in Long Blades
  4272 | D:5      | Gained mutation: You have razor-sharp teeth. [Vine Stalker
                  | growth]
  4272 | D:5      | Reached XP level 8. HP: 38/38 MP: 12/12
  4310 | D:5      | Reached skill level 6 in Long Blades
  4586 | D:6      | Reached *** piety under Uskayaw
  4707 | D:6      | Reached skill level 7 in Long Blades
  4735 | D:6      | Reached **** piety under Uskayaw
  4744 | D:6      | Reached ***** piety under Uskayaw
  5182 | D:6      | Reached skill level 8 in Long Blades
  5220 | D:6      | Learned a level 4 spell: Manifold Assault
  5379 | D:6      | Reached XP level 9. HP: 39/42 MP: 11/13
  5459 | D:7      | Reached skill level 9 in Long Blades
  5555 | D:6      | Killed Pikel
  5676 | D:6      | HP: 2/42 [poisoned by a water moccasin]
  5681 | D:6      | HP: 2/42 [poisoned by a water moccasin]
  5862 | D:7      | Reached skill level 10 in Long Blades
  6186 | D:8      | Noticed Amaemon
  6186 | D:8      | Noticed an orange demon
  6581 | D:8      | Noticed Psyche
  6594 | D:8      | Killed Psyche
  6595 | D:8      | Reached skill level 5 in Fighting
  6643 | D:8      | Found an opulent altar of Gozag.
  6902 | D:8      | Reached XP level 10. HP: 51/51 MP: 13/15
  6979 | D:9      | Reached ****** piety under Uskayaw
  7746 | D:9      | Reached skill level 5 in Dodging
  7927 | D:10     | Entered Level 10 of the Dungeon
  7969 | D:10     | Found a hazy altar of Hepliaklqana.
  8154 | D:10     | Noticed Lodul
  8433 | D:11     | Noticed a manticore
  8446 | D:11     | HP: 2/51 [manticore (14)]
  8447 | D:11     | Killed a manticore
  8448 | D:11     | Reached skill level 5 in Spellcasting
  8448 | D:11     | Reached XP level 11. HP: 5/56 MP: 0/19
  8588 | D:10     | Identified the +4 hand axe of the Stoat {drain, Will+}
  8853 | D:8      | Found a staircase to the Lair.
  9016 | D:8      | Found a radiant altar of Vehumet.
  9019 | D:8      | Found a sacrificial altar of Ru.
  9022 | D:8      | Found a glowing golden altar of the Shining One.
  9026 | D:8      | Found a burning altar of Makhleb.
  9060 | Lair:1   | Entered Level 1 of the Lair of Beasts
  9793 | Lair:1   | Reached skill level 1 in Armour
 10245 | Lair:1   | Learned a level 3 spell: Mephitic Cloud
 10357 | Lair:2   | Reached skill level 5 in Armour
 10469 | Lair:2   | Reached XP level 12. HP: 61/61 MP: 25/25
 10614 | Lair:2   | Noticed an eight-headed hydra
 10684 | Lair:2   | Reached skill level 11 in Long Blades
 11398 | Lair:2   | Noticed a seven-headed hydra
 11539 | Lair:3   | Reached skill level 12 in Long Blades
 11632 | Lair:3   | Found a staircase to the Snake Pit.
 11697 | Lair:3   | Noticed Sonja
 11891 | Lair:4   | Reached skill level 13 in Long Blades
 11927 | Lair:4   | Found a viscous altar of Jiyva.
 11927 | Lair:4   | Found a staircase to the Slime Pits.
 12186 | Lair:4   | Identified the +0 ring mail of Yracvyffe {Str+5 Stlth+}
 12208 | Lair:4   | Noticed a boulder beetle
 12241 | Lair:4   | Noticed Snorg
 12438 | Lair:3   | Reached XP level 13. HP: 65/65 MP: 26/26
 12460 | Lair:3   | Found a staircase to the Swamp.
 12772 | Lair:3   | Reached skill level 14 in Long Blades
 12805 | Lair:3   | Identified the +5 pair of gloves "Edweotoasu" {rF+ Str+4
                  | Int+2}
 12894 | Lair:4   | Killed Snorg
 13163 | Lair:4   | Found a runed translucent door.
 13169 | Lair:4   | Noticed Rafuutu's ghost (journeyman DDFi)
 13955 | D:2      | Killed Crazy Yiuf
 14461 | Lair:5   | Entered Level 5 of the Lair of Beasts
 14467 | Lair:5   | Noticed Kirke
 14805 | Lair:4   | Killed Kirke
 14806 | Lair:4   | Reached skill level 15 in Long Blades
 15042 | Lair:4   | Reached skill level 1 in Evocations
 15291 | Lair:5   | Reached skill level 5 in Evocations
 15446 | Lair:5   | Reached XP level 14. HP: 64/70 MP: 27/27
 16044 | Lair:5   | Reached skill level 10 in Spellcasting
 16245 | Lair:4   | Killed Rafuutu's ghost
 16323 | Swamp:1  | Entered Level 1 of the Swamp
 16344 | Snake:1  | Entered Level 1 of the Snake Pit
 16496 | Lair:3   | Learned a level 2 spell: Passwall
 16880 | Snake:1  | Found a basalt altar of Yredelemnul.
 17518 | Snake:2  | Paralysed by a naga for 3 turns
 17877 | Snake:2  | Learned a level 3 spell: Call Canine Familiar
 17880 | Snake:2  | Learned a level 2 spell: Call Imp
 17885 | Snake:2  | Learned a level 4 spell: Fulminant Prism
 18090 | Snake:2  | Reached XP level 15. HP: 79/79 MP: 24/31
 18180 | Snake:2  | Learned a level 5 spell: Alistair's Intoxication
 18479 | Snake:2  | HP: 5/118 [naga sharpshooter/bolt (10)]
 18480 | Snake:2  | HP: 2/118 [naga sharpshooter/splash of poison (2)]
 18482 | Snake:2  | Succumbed to a naga sharpshooter's splash of poison

Illustrated notes

Levels and vault maps discovered:
D:1:      spicycebolla_arrival_risky_transporter, layout_basic, st_stairs_13
D:2:      layout_loops_ring, ebering_ecumenical_altar_webs, serial_shops, shop,
          uniq_crazy_yiuf_cottage
D:3:      layout_loops_ring, hangedman_abyss_or_decor_lesser_grid
D:4:      layout_rooms, mainiacjoe_overflow_paths, minmay_shop_damaged,
          uniq_pikel
D:5:      layout_basic, minmay_temple_entry_antechambers,
          lightli_sewer_entry_pipes
D:6:      layout_loops_ring
D:7:      layout_rooms
D:8:      layout_gridville, grunt_gozag_breadcrumbs, minitemple,
          david_lair_generic, glass_columns_a, minmay_crystal_room, uniq_psyche,
          uniq_amaemon
D:9:      layout_roguey, mrwooster_statue_mirror, item_on_display_a
D:10:     layout_layer_cave, mainiacjoe_overflow_24_doors, lemuel_round_altar,
          serial_shops, shop, minivault_4, water_maze_lemuel, uniq_lodul
D:11:     layout_cave_pools, nicolae_dithmenos_shadow_blocks
Temple:   zaba_magenta_temple
Lair:1:   layout_long_grid, serial_bayou_shore_b
Lair:2:   nzn_winding_woodlands_stair_trap [nzn_winding_woodlands_5x15_zeroes,
          nzn_winding_woodlands_5x15_crooked,
          nzn_winding_woodlands_5x15_default,
          nzn_winding_woodlands_15x15_thick_spiral,
          nzn_winding_woodlands_5x15_split_checker,
          nzn_winding_woodlands_5x15_parted,
          nzn_winding_woodlands_5x15_sawtooth], layout_gridlike, serial_forest,
          infiniplex_forest_straight_4, infiniplex_forest_lined_3,
          infiniplex_forest_straight_4, infiniplex_forest_lined_ring,
          infiniplex_forest_lined_ring, infiniplex_forest_clump_double,
          infiniplex_forest_corner_2, infiniplex_forest_clump_small
Lair:3:   layout_big_grid, swamp_mist, minmay_snake_entry_guardpost_small,
          lemuel_fruit_fields, uniq_sonja
Lair:4:   layout_hall_layers, minmay_slime_entry_jelly_boxes,
          ebering_ghost_reflecting_pool, dpeg_oklob_1, serial_bayou_shore_b,
          grunt_megastairs_2, infiniplex_staircase_pool, uniq_snorg
Lair:5:   grunt_lair_end_beastmaster, layout_cave_shapes, lemuel_fruit_fields,
          infiniplex_staircase_pool_2, grunt_megastairs_4, uniq_kirke
Swamp:1:  layout_basic_swamp, nicolae_swamp_long_stream, swamp_pool1,
          uniq_louise
Snake:1:  layout_onion, basic_altar
Snake:2:  layout_concentric_octagons, lemuel_fruit_tree

Skill      XL: |  1  2  3  4  5  6  7  8  9 10 11 12 13 14 15 |
---------------+----------------------------------------------+-----
Long Blades    | 2 3 5 8 10 13 15 | 15.3
Dodging        | 2 7 |  7.1
Stealth        | 2 4 6 7 |  7.9
Fighting       | 5 6 9 |  9.1
Spellcasting   | 3 5 8 11 13 | 13.0
Armour         | 5 |  5.0
Evocations     | 6 |  6.3
Throwing       | |  0.8
Translocations | |  3.0

Action                     |  1- 3 |  4- 6 |  7- 9 | 10-12 | 13-15 || total
---------------------------+-------+-------+-------+-------+-------++-------
  Melee: Falchion          |    76 |       |       |       |       ||    76
         Bite              |    27 |    67 |    77 |   232 |   304 ||   707
         Dagger            |    22 |   111 |       |       |       ||   133
         Punch             |     1 |     2 |     1 |    13 |    10 ||    27
         Double sword      |       |   123 |   256 |   623 |   630 ||  1632
         Demon blade       |       |       |       |    66 |       ||    66
         Great sword       |       |       |       |       |    62 ||    62
  Throw: Throwing net      |       |       |       |     1 |     1 ||     2
         Dart              |       |       |       |     1 |     3 ||     4
         Boomerang         |       |       |       |       |     3 ||     3
   Cast: Vhi's Electric Ch |       |       |     2 |    26 |    40 ||    68
         Blink             |       |       |     1 |     5 |     2 ||     8
  Evoke: Wand              |       |       |       |     1 |    13 ||    14
    Use: Scroll            |       |     5 |     5 |     8 |    10 ||    28
         Potion            |       |       |       |       |     2 ||     2
   Stab: Sleeping          |     2 |    17 |     8 |    17 |     5 ||    49
         Distracted        |       |     2 |     1 |     1 |     2 ||     6
         Paralysed         |       |       |     8 |    36 |    37 ||    81
         Petrified         |       |       |       |       |    12 ||    12
 Armour: Leather armour    |    18 |    93 |   106 |    18 |       ||   235
         Troll leather arm |       |       |       |   226 |   268 ||   494
  Dodge: Dodged            |    67 |   137 |   190 |   612 |   537 ||  1543

Table legend: (Time is in decaauts)
 A = Elapsed time spent in this place.
 B = Non-inter-level travel time spent in this place.
 C = Inter-level travel time spent in this place.
 D = Time resting spent in this place.
 E = Time spent auto-exploring this place.
 F = Levels seen in this place.
 G = Mean time per level.
                   A        B        C        D        E       F      G
               +--------+--------+--------+--------+--------+-----+--------+
         Total |  18486 |  16219 |   2267 |   2265 |   8228 |  21 |  880.3 |
       Dungeon |   9545 |   7759 |   1786 |    966 |   4130 |  11 |  867.7 |
        Temple |     75 |     59 |     16 |      0 |     50 |   1 |   75.0 |
          Lair |   6393 |   5991 |    402 |    737 |   3041 |   5 | 1278.6 |
         Swamp |      1 |      1 |      0 |      0 |      0 |   1 |    1.0 |
     Snake Pit |   2054 |   1991 |     63 |    562 |    815 |   2 | 1027.0 |
         Sewer |    416 |    416 |      0 |      0 |    192 |   1 |  416.0 |
               +--------+--------+--------+--------+--------+-----+--------+

Top non-repeatable levels by time:
     D:8: 1460 daAuts
  Lair:4: 1447 daAuts
  Lair:5: 1434 daAuts
  Lair:2: 1320 daAuts
  Lair:1: 1244 daAuts
     D:9: 1177 daAuts
 Snake:1: 1149 daAuts
     D:5: 1124 daAuts
     D:6: 1079 daAuts
     D:2: 1038 daAuts
  Lair:3: 946 daAuts
 Snake:2: 904 daAuts
     D:4: 882 daAuts
     D:3: 853 daAuts
     D:1: 731 daAuts
